 Dungeon Crawl Stone Soup version 0.29.1-15-g9cfb28693d (webtiles) character file.

Game seed: 10529003225931755605

291 Herex the Slasher (level 6, -2/48 HPs)
             Began as a Demonspawn Berserker on Apr 28, 2023.
             Was a Priest of Trog.
             Slain by an ogre
             ... wielding a +0 giant club
              (9 damage)
             ... on level 4 of the Dungeon.
             The game lasted 00:05:46 (3153 turns).

Herex the Slasher (Demonspawn Berserker)            Turns: 3153, Time: 00:05:46

Health: -2/48      AC: 14    Str: 20    XL:     6   Next: 10%
Magic:  6/6        EV:  8    Int:  8    God:    Trog [***...]
Gold:   180        SH:  0    Dex: 12    Spells: 5/5 levels left

rFire   . . .      SeeInvis .   a - +1 falchion
rCold   . . .      Faith    .   (no shield)
rNeg    . . .      Spirit   .   e - +0 chain mail
rPois   .          Reflect  .   (helmet restricted)
rElec   .          Harm     .   (no cloak)
rCorr   .          Rampage  .   s - +0 pair of gloves
Will    .....                   (no boots)
Stlth   ..........              (no amulet)
HPRegen 0.16/turn               h - +4 ring of protection
MPRegen 0.10/turn               (no ring)

@: no status effects
A: horns 2, powered by death 2
a: Renounce Religion, Berserk, Trog's Hand


You were on level 4 of the Dungeon.
You worshipped Trog.
Trog was most pleased with you.
You visited 1 branch of the dungeon, and saw 4 of its levels.

You collected 180 gold pieces.

Inventory:

Hand Weapons
 a - a +1 falchion (weapon)
Missiles
 p - 3 throwing nets (quivered)
Armour
 b - a +0 animal skin
 e - a +0 chain mail (worn)
 g - a +0 helmet
 s - a +0 pair of gloves (worn)
Jewellery
 h - a +4 ring of protection (left hand)
Wands
 q - a wand of mindburst (8)
Scrolls
 d - a scroll of teleportation
 i - 5 scrolls of identify
 j - a scroll of poison
 m - a scroll of enchant weapon
 o - a scroll of amnesia {unknown}
Potions
 c - 3 potions of attraction
 f - a potion of mutation {unknown}
 k - a potion of heal wounds {unknown}
 l - 4 potions of curing {unknown}
 n - a potion of cancellation {unknown}
 r - 2 potions of degeneration {unknown}


   Skills:
 + Level 3.7 Fighting
 * Level 5.2 Long Blades
 + Level 2.7 Armour
 + Level 2.4 Dodging
 + Level 0.1 Stealth


You had 5 spell levels left.
You didn't know any spells.
Your spell library was empty.

Dungeon Overview and Level Annotations

Branches:
Dungeon (4/15)
 Temple: D:4-7

Altars:
Kikubaaqudgha
Makhleb
Okawaru
Wu Jian

Shops:
D:1 !

Annotations:
D:1 2 transporters
D:3 2 transporters, wextippler1's ghost, amateur DsCj
D:4 2 transporters, Dinohead20's ghost, novice HOFi


Innate Abilities, Weirdness & Mutations

You have a pair of horns on your head.
You regenerate health from kills.


Message History

There is a transporter here.
A hobgoblin comes into view.
Found 6 poisoned darts.
The hobgoblin shouts!
An ogre comes into view. It is wielding a +0 giant club.
A hobgoblin is nearby!
Found 7 stones.
Found 15 gold pieces.
The ogre shouts!
The hobgoblin hits you but does no damage.
You barely miss the hobgoblin. You headbutt the hobgoblin.
The hobgoblin is almost dead.
The hobgoblin hits you but does no damage.
You hit the hobgoblin.
You kill the hobgoblin!
Trog accepts your kill.
You slash the ogre!
The ogre is moderately wounded.
The ogre hits you with a +0 giant club!
You hit the ogre.
The ogre is moderately wounded.
The ogre hits you with a +0 giant club!
You hit the ogre.
The ogre is moderately wounded.
The ogre barely misses you.
You hit the ogre.
The ogre is moderately wounded.
You hit the ogre. Your headbutt misses the ogre.
The ogre is heavily wounded.
The ogre hits you with a +0 giant club!!
* * * LOW HITPOINT WARNING * * *
You slash the ogre!
The ogre is severely wounded.
The ogre barely misses you.
You completely miss the ogre. You headbutt the ogre.
The ogre is almost dead.
You closely miss the ogre.
The ogre is almost dead.
The ogre hits you with a +0 giant club!
You die...

#.......# .#.......# ..
.# .#©......# ....#
.##......# ###...# .
..##.....# #.....# #.#
.^##.....##.#.#.#.# ..
.##...##.##.#.....#.####
##.....#.##.#...........
.......#.##.##..@O$.#
.......#.#....#.#######
##.....#.##........(...
.##....#..#.#.#.#######
.©#©...##...#.........(
###...#####...#........
......# #...#.#######
......# .....#..
......#.......#.##


You could see an ogre.

Vanquished Creatures
  An ogre (D:4)
  A necrophage (D:3)
  5 gnolls
  4 adders
  2 dart slugs (D:2)
  An orc (D:3)
  4 ball pythons
  7 endoplasms
  A goblin (D:1)
  10 hobgoblins
  5 jackals (D:1)
  2 quokkas (D:1)
  4 bats
  4 frilled lizards
  6 kobolds
  8 rats
65 creatures vanquished.

Notes
Turn   | Place    | Note
-------+----------+-------------------------------------------
     0 | D:1      | Herex the Demonspawn Berserker began the quest for the Orb.
     0 | D:1      | Reached XP level 1. HP: 18/18 MP: 1/1
    66 | D:1      | Found a faded altar of an unknown god.
   295 | D:1      | Reached skill level 3 in Long Blades
   546 | D:1      | Gained mutation: You regenerate a little health from kills.
                  | [demonic ancestry]
   546 | D:1      | Reached XP level 2. HP: 20/24 MP: 2/2
  1041 | D:1      | Reached ** piety under Trog
  1200 | D:1      | Reached XP level 3. HP: 29/29 MP: 3/3
  1506 | D:1      | Found Jejipuse's Distillery.
  2228 | D:3      | Gained mutation: You have a pair of small horns on your
                  | head. [demonic ancestry]
  2228 | D:3      | Reached XP level 4. HP: 35/35 MP: 4/4
  2236 | D:3      | Reached skill level 4 in Long Blades
  2358 | D:3      | Found an ancient bone altar of Kikubaaqudgha.
  2371 | D:3      | Noticed wextippler1's ghost (amateur DsCj)
  2372 | D:3      | Found a transporter.
  2402 | D:3      | Found an ornate altar of the Wu Jian Council.
  2499 | D:3      | Gained mutation: You regenerate health from kills. [demonic
                  | ancestry]
  2499 | D:3      | Reached XP level 5. HP: 41/41 MP: 5/5
  2642 | D:3      | Found a burning altar of Makhleb.
  2642 | D:3      | Found an iron altar of Okawaru.
  2649 | D:3      | Found a transporter.
  2737 | D:3      | Reached *** piety under Trog
  2745 | D:4      | Noticed an ogre
  2754 | D:4      | Killed an ogre
  2755 | D:4      | Reached skill level 5 in Long Blades
  2755 | D:4      | Gained mutation: You have a pair of horns on your head.
                  | [demonic ancestry]
  2755 | D:4      | Reached XP level 6. HP: 16/48 MP: 6/6
  3091 | D:4      | Noticed a small abomination
  3091 | D:4      | Noticed Dinohead20's ghost (novice HOFi)
  3101 | D:4      | Found a transporter.
  3103 | D:4      | Found a transporter.
  3153 | D:4      | Slain by an ogre

Illustrated notes

Levels and vault maps discovered:
D:1:      spicycebolla_arrival_transporter_tutorial, layout_basic,
          ebering_ecumenical_altar_webs, serial_shops, nicolae_shop_waterfront,
          minmay_close_crescents
D:2:      layout_basic
D:3:      layout_rooms, lemuel_crystal_altar, mainiacjoe_overflow_divided_tiny,
          mainiacjoe_overflow_alcove_1, gammafunk_ghost_arena,
          kennysheep_big_empty_room
D:4:      layout_basic, gammafunk_ghost_abyssal_escape, roderic_serpentine_path,
          hangedman_decor_push, minmay_splitting_lines

Skill      XL: |  1  2  3  4  5 |
---------------+----------------+-----
Long Blades    | 3 4 5 |  5.2
Dodging        | 2 |  2.4
Armour         | 2 |  2.7
Fighting       | |  3.7
Stealth        | |  0.1

Action                   |  1- 3 |  4- 6 || total
-------------------------+-------+-------++-------
Melee: Falchion          |   147 |    66 ||   213
       Punch             |     1 |       ||     1
       Headbutt          |       |    10 ||    10
Invok: Berserk           |     2 |     1 ||     3
  Use: Scroll            |     5 |       ||     5
Armor: Animal skin       |    11 |       ||    11
       Chain mail        |    41 |    35 ||    76
Dodge: Dodged            |    92 |    30 ||   122
